 Dungeon Crawl Stone Soup version 0.18.1-6-gd335043 (webtiles) character file.

1318 mistymad the Cleaver (level 8, -1/71 HPs)
             Began as a Minotaur Berserker on May 18, 2016.
             Was an Elder of Trog.
             Slain by an ogre
             ... wielding a cursed +0 giant club
              (21 damage)
             ... on level 6 of the Dungeon.
             The game lasted 00:12:38 (5347 turns).

mistymad the Cleaver (Minotaur Berserker)           Turns: 5347, Time: 00:12:38

Health: -1/71      AC: 12    Str: 21    XL:     8   Next: 33%
Magic:  7/7        EV: 12    Int:  4    God:    Trog [****..]
Gold:   215        SH:  0    Dex: 13    Spells: 0 memorised, 7 levels left

rFire  . . .     SeeInvis .     a - +0 hand axe
rCold  . . .     Gourm    .     q - +0 scale mail (curse)
rNeg   . . .     Faith    .     (no shield)
rPois  .         Spirit   .     (helmet restricted)
rElec  .         Dismiss  .     C - +0 cloak
rCorr  .         Reflect  .     b - +2 pair of gloves
SustAt .         Harm     .     (no boots)
MR     .....                    (no amulet)
Stlth  ..........               (no ring)
                                (no ring)

@: not resistant to hostile enchantments, extremely unstealthy
A: retaliatory headbutt, horns 2
a: Berserk, Trog's Hand, Brothers in Arms, Burn Spellbooks, Renounce Religion


You were on level 6 of the Dungeon.
You worshipped Trog.
Trog was greatly pleased with you.
You were very hungry.

You visited 2 branches of the dungeon, and saw 7 of its levels.

You collected 215 gold pieces.

Inventory:

Hand Weapons
 a - a +0 hand axe (weapon)
Armour
 b - a +2 pair of gloves (worn)
 q - a cursed +0 scale mail (worn)
 C - a +0 cloak (worn)
Jewellery
 i - an uncursed ring of flight {unknown}
 l - an uncursed ring of positive energy {unknown}
 u - a cursed ring of loudness {unknown}
Scrolls
 e - 2 scrolls of enchant weapon {unknown}
 m - 6 scrolls of identify {unknown}
 n - 3 scrolls of enchant armour {unknown}
 o - 2 scrolls of magic mapping {unknown}
 r - 2 scrolls of immolation {unknown}
 v - a scroll of fog {unknown}
 x - a scroll of remove curse {unknown}
 y - 2 scrolls of amnesia {unknown}
 D - a scroll of teleportation {unknown}
Potions
 d - a potion of agility {unknown}
 f - 7 potions of curing {unknown}
 g - a potion of mutation {unknown}
 h - a potion of resistance {unknown}
 p - 2 potions of haste {unknown}
 s - a potion of lignification {unknown}
 t - a potion of brilliance {unknown}
 z - a potion of flight {unknown}
 A - a potion of ambrosia {unknown}
 B - a potion of might {unknown}
Books
 w - a book of Ice

   Spells                             Type                      Level
   a - Ice Form                       Ice/Transmutation            4
   b - Metabolic Englaciation         Hexes/Ice                    5
   c - Ozocubu's Refrigeration        Ice                          6
   d - Bolt of Cold                   Conjuration/Ice              6
   e - Freezing Cloud                 Conjuration/Ice/Air          6
   f - Simulacrum                     Ice/Necromancy               6
   Trog disapproves of the use of such an item.
Comestibles
 c - 5 bread rations
 j - 4 meat rations
 k - a beef jerky


   Skills:
 + Level 6.6 Fighting
 * Level 8.4 Axes
 + Level 6.0 Armour
 + Level 5.3 Dodging


You had 7 spell levels left.
You didn't know any spells.

Dungeon Overview and Level Annotations

Branches:
Dungeon (6/15)             Temple (1/1) D:4

Altars:
Ashenzari
Cheibriados
Dithmenos
Elyvilon
Fedhas
Gozag
Kikubaaqudgha
Makhleb
Nemelex Xobeh
Okawaru
Pakellas
Qazlal
Ru
Sif Muna
Trog
Vehumet
Xom
Yredelemnul
Zin
The Shining One


Innate Abilities, Weirdness & Mutations

You reflexively headbutt those who attack you in melee.
You have a pair of horns on your head.


Message History

The ogre hits you but does no damage.
You hit the ogre.
The ogre is severely wounded.
The ogre hits you but does no damage.
You hit the ogre.
The ogre is almost dead.
You hit the ogre.
You headbutt the ogre, but do no damage.
The ogre is almost dead.
The ogre hits you with a giant club!
* * * LOW HITPOINT WARNING * * *
You are too injured to fight recklessly!
You are too injured to fight recklessly!
You are too injured to fight recklessly!
You are too injured to fight recklessly!
You are too injured to fight recklessly!
You hit the ogre.
The ogre is almost dead.
The ogre hits you with a giant club!!
You die...

.# ##.....###........#
## ##...## #.###.##.#
##'## #.# #.# # #.##
#.# #.# #..## #.# #.#
##.#.###)# #.#
#######.###.##.# #.#
.......## ##.#.###.##.#
#######.###.##..@O....#
# ##.#.#######.#### #
#.......... # #
#..######## #.## #.#
#.# #.#########
#.##).....#


You could see an ogre.

Vanquished Creatures
  Pikel (D:5)
  Edmund (D:5)
  A slave (D:5)
  A phantom (D:5)
  2 crimson imps (D:5)
  2 hounds
  2 jellies (D:5)
  An orc priest (D:5)
  Crazy Yiuf (D:5)
  A giant frog skeleton (D:6)
  An iguana (D:5)
  3 orc wizards (D:5)
  2 worker ants (D:4)
  4 adders
  6 gnolls
  2 howler monkey skeletons (D:5)
  A shadow imp (D:5)
  A worm (D:2)
  5 dart slugs
  6 giant geckos
  12 orcs
  8 giant cockroaches
  13 goblins
  6 hobgoblins
  7 kobolds
  4 bats
  A giant gecko zombie (D:5)
  7 giant newts
  A jackal skeleton (D:4)
  A quokka skeleton (D:5)
  11 rats
115 creatures vanquished.

Vanquished Creatures (others)
  A slave (D:5)
  A centaur skeleton (D:5)
  A shadow imp (D:5)
  An adder skeleton (D:5)
  2 orcs (D:5)
6 creatures vanquished.

Grand Total: 121 creatures vanquished

Notes
Turn   | Place    | Note
--------------------------------------------------------------
     0 | D:1      | mistymad the Minotaur Berserker began the quest for the Orb.
     0 | D:1      | Reached XP level 1. HP: 19/19 MP: 0/0
   140 | D:1      | Reached XP level 2. HP: 23/27 MP: 1/1
   207 | D:1      | Found a shattered altar of Ashenzari.
   314 | D:1      | Reached ** piety under Trog
   343 | D:1      | Reached skill level 4 in Axes
   581 | D:1      | Reached XP level 3. HP: 27/33 MP: 2/2
  1310 | D:2      | Reached XP level 4. HP: 41/41 MP: 3/3
  1784 | D:3      | Reached *** piety under Trog
  2116 | D:3      | Found a shimmering altar of Xom.
  2758 | D:3      | Reached skill level 5 in Axes
  2758 | D:3      | Reached XP level 5. HP: 43/47 MP: 4/4
  3079 | D:4      | Found a staircase to the Ecumenical Temple.
  3588 | D:4      | Reached skill level 5 in Fighting
  3719 | D:5      | Entered Level 5 of the Dungeon
  3731 | D:5      | Reached XP level 6. HP: 31/56 MP: 5/5
  3793 | D:5      | Reached skill level 6 in Axes
  4007 | D:5      | Found a shattered altar of Ashenzari.
  4082 | D:5      | Noticed a slave
  4092 | D:5      | Killed a slave
  4160 | D:5      | Noticed Pikel
  4160 | D:5      | Noticed a slave
  4160 | D:5      | Noticed a slave
  4162 | D:5      | Noticed a slave
  4170 | D:5      | Killed Pikel
  4170 | D:5      | Reached skill level 7 in Axes
  4170 | D:5      | Reached skill level 5 in Armour
  4170 | D:5      | Reached XP level 7. HP: 62/62 MP: 6/6
  4171 | D:5      | Noticed Edmund
  4193 | D:5      | Killed Edmund
  4197 | D:5      | Reached XP level 8. HP: 56/70 MP: 7/7
  4405 | D:4      | Reached skill level 8 in Axes
  4405 | D:4      | Reached skill level 5 in Dodging
  4410 | D:4      | Reached **** piety under Trog
  4425 | Temple   | Entered the Ecumenical Temple
  4946 | D:5      | Noticed Crazy Yiuf
  4953 | D:5      | Killed Crazy Yiuf
  5347 | D:6      | Slain by an ogre

Skill      XL: |  1  2  3  4  5  6  7  8 |
---------------+-------------------------+-----
Fighting       | 4 5 6 |  6.6
Axes           | 4 5 7 8 |  8.4
Armour         | 3 4 5 6 |  6.0
Dodging        | 3 4 5 |  5.3

Action                   |  1- 3 |  4- 6 |  7- 9 || total
-------------------------+-------+-------+-------++-------
Melee: Hand axe          |    79 |   156 |    89 ||   324
       Headbutt          |     9 |    32 |    20 ||    61
Invok: Berserk           |       |     2 |       ||     2
       Trog's Hand       |       |     2 |       ||     2
 Stab: Sleeping          |       |     1 |       ||     1
       Distracted        |       |       |     1 ||     1
  Eat: Chunk             |     1 |    10 |     4 ||    15
Armor: Animal skin       |    20 |       |       ||    20
       Scale mail        |       |    51 |    23 ||    74
Dodge: Dodged            |    53 |    87 |    46 ||   186
